 Dungeon Crawl Stone Soup version 0.25-a0-578-gc91f01c39c (webtiles) character file.

Game seed: 14053680277683946834, levelgen mode: deterministic

83 Kohma the Charmwright (level 4, -2/38 HPs)
             Began as a Gnoll Skald on Mar 4, 2020.
             Slain by an orc priest
             ... wielding a +0 flail
              (6 damage)
             ... on level 2 of the Dungeon.
             The game lasted 00:04:40 (1420 turns).

Kohma the Charmwright (Gnoll Skald)                 Turns: 1420, Time: 00:04:40

Health: -2/38      AC: 10    Str: 16    XL:     4   Next: 44%
Magic:  8/11       EV: 14    Int: 16    God:
Gold:   50         SH:  0    Dex: 14    Spells: 2/13 levels left

rFire    . . .     SeeInvis .   a - +0 spear
rCold    + . .     Gourm    .   (no shield)
rNeg     . . .     Faith    .   e - +1 leather armour {rC+}
rPois    .         Spirit   .   (no helmet)
rElec    +         Reflect  .   (no cloak)
rCorr    .         Harm     .   (no gloves)
MR       .....                  (no boots)
Stlth    +.........             (no amulet)
HPRegen  0.12/turn              (no ring)
MPRegen  0.12/turn              (no ring)

@: icy armour, flying
A: distributed training, fangs 1, blink, electricity resistance, strong 1,
strong nose
a: Blink


You were on level 2 of the Dungeon.
You were hungry.

You visited 1 branch of the dungeon, and saw 3 of its levels.

You collected 50 gold pieces.

Inventory:

Hand Weapons
 a - a +0 spear (weapon)
 i - a +0 rapier
Missiles
 b - 9 poisoned darts (quivered)
Armour
 e - a +1 leather armour of cold resistance (worn)
Scrolls
 g - a scroll of teleportation {unknown}
Potions
 f - a potion of mutation
 j - a potion of heal wounds {unknown}
Comestibles
 d - 2 rations


   Skills:
 + Level 4.6 Fighting
 + Level 1.1 Short Blades
 + Level 1.1 Long Blades
 + Level 1.1 Axes
 + Level 1.1 Maces & Flails
 + Level 4.6 Polearms
 + Level 1.1 Staves
 + Level 1.1 Slings
 + Level 1.1 Bows
 + Level 1.1 Crossbows
 + Level 1.1 Throwing
 + Level 2.7 Armour
 + Level 4.6 Dodging
 + Level 1.1 Stealth
 + Level 1.1 Shields
 + Level 1.1 Unarmed Combat
 + Level 5.0 Spellcasting
 + Level 0.8 Conjurations
 + Level 0.8 Hexes
 + Level 5.4 Charms
 + Level 0.8 Summonings
 + Level 0.8 Necromancy
 + Level 0.8 Translocations
 + Level 0.8 Transmutations
 + Level 0.8 Fire Magic
 + Level 0.8 Ice Magic
 + Level 0.8 Air Magic
 + Level 0.8 Earth Magic
 + Level 0.8 Poison Magic
 + Level 1.2 Invocations
 + Level 1.1 Evocations


You had 2 spell levels left.
You knew the following spells:

 Your Spells              Type           Power        Failure   Level  Hunger
a - Infusion              Chrm           ###.         1%          1    None
b - Song of Slaying       Chrm           ###.....     2%          2    #......
c - Shroud of Golubria    Chrm/Tloc      ##....       8%          2    #......
d - Ozocubu's Armour      Chrm/Ice       ##......     14%         3    ###....
e - Spectral Weapon       Hex/Chrm       ##......     14%         3    ###....

Your spell library contained the following spells:

 Spells                   Type           Power        Failure   Level  Hunger


Dungeon Overview and Level Annotations

Branches:
Dungeon (3/15)

Altars:
Dithmenos
Okawaru
Ru


Innate Abilities, Weirdness & Mutations

Your experience applies equally to all skills.
You have very sharp teeth.
Your uncanny sense of smell can sniff out nearby items.
You can translocate small distances at will.
You are resistant to electric shocks. (rElec)
Your muscles are strong. (Str +2)


Message History

The orc priest calls down the wrath of Beogh upon you.
Pain shoots through your body!
* * * LOW HITPOINT WARNING * * *
You climb upwards.
There is a stone staircase leading down here.
Casting: Ozocubu's Armour (safe; 16% risk of failure)
Confirm with . or Enter, or press ? or * to list all spells.
A film of ice covers your body!
The orc priest hits you with a +0 flail.
* * * LOW HITPOINT WARNING * * *
The orc hits you with a +0 flail.
* * * LOW HITPOINT WARNING * * *
It was a potion of mutation.
You feel extremely strange.
You feel stronger.
You feel insulated.
You feel jittery. The orc priest completely misses you.
The orc hits you but does no damage.
It was a potion of flight.
You feel very buoyant.
You fly up into the air.
The orc priest hits you with a +0 flail.
You die...

######.###.###..#...#####.# 8..?.
# #.#..........######.# #.... #
#.#.###..##....##..# 8... ###
#...# #.....##.##.## ##_# ..#
#...# ##.#..##....## #### ..#
#...## #[#..##.....####..#
..######....###(#..##............
....÷.......)...#o.##.....#.####.
..###..........o@........##.# #÷
.....#.#...........##.......# #.
.####.###...#####..####.##### #.
.# ## ##........... #.# #. .#
#.........#.##.# #. .#
########.##.# .# ## .. ..# # ##
###


You could see an orc priest and an orc.

Vanquished Creatures
  An orc wizard (D:2)
  2 adders (D:2)
  A dart slug (D:1)
  A leopard gecko (D:2)
  An orc (D:2)
  3 giant cockroaches
  5 goblins
  3 hobgoblins (D:2)
  7 jackals (D:2)
  A kobold (D:2)
  A ball python (D:1)
  4 bats
  2 frilled lizards (D:2)
  2 rats (D:2)
34 creatures vanquished.

Notes
Turn   | Place    | Note
-------+----------+-------------------------------------------
     0 | D:1      | Kohma the Gnoll Skald began the quest for the Orb.
     0 | D:1      | Reached XP level 1. HP: 20/20 MP: 6/6
   103 | D:1      | Reached XP level 2. HP: 26/26 MP: 4/7
   135 | D:1      | Learned a level 2 spell: Song of Slaying
   138 | D:1      | Learned a level 2 spell: Shroud of Golubria
   307 | D:1      | You fall into a shaft and drop 1 floor!
   307 | D:2      | Found a sacrificial altar of Ru.
   389 | D:2      | Found a shadowy altar of Dithmenos.
   537 | D:2      | Reached XP level 3. HP: 25/31 MP: 5/9
   643 | D:2      | Learned a level 3 spell: Ozocubu's Armour
   647 | D:2      | Learned a level 3 spell: Spectral Weapon
   657 | D:2      | Reached skill level 5 in Spellcasting
   902 | D:2      | Reached skill level 1 in Invocations
   965 | D:2      | Found an iron altar of Okawaru.
   989 | D:2      | Reached skill level 1 in Short Blades
   989 | D:2      | Reached skill level 1 in Long Blades
   989 | D:2      | Reached skill level 1 in Axes
   989 | D:2      | Reached skill level 1 in Maces & Flails
   989 | D:2      | Reached skill level 1 in Staves
   989 | D:2      | Reached skill level 1 in Slings
   989 | D:2      | Reached skill level 1 in Bows
   989 | D:2      | Reached skill level 1 in Crossbows
   989 | D:2      | Reached skill level 1 in Throwing
   989 | D:2      | Reached skill level 1 in Stealth
   989 | D:2      | Reached skill level 1 in Shields
   989 | D:2      | Reached skill level 1 in Unarmed Combat
   989 | D:2      | Reached skill level 1 in Evocations
  1175 | D:2      | Reached XP level 4. HP: 25/38 MP: 2/11
  1419 | D:2      | Gained mutation: Your muscles are strong. (Str +2) [potion
                  | of mutation]
  1419 | D:2      | Gained mutation: You are resistant to electric shocks.
                  | (rElec) [potion of mutation]
  1419 | D:2      | Gained mutation: You can translocate small distances at
                  | will. [potion of mutation]
  1420 | D:2      | Slain by an orc priest

Levels and vault maps discovered:
D:1:      heliophobic_arrival_battle_scene, layout_loops_corners
D:2:      layout_loops_ring, grunt_dithmenos_smoke_and_mirrors,
          hangedman_ru_absence, nicolae_overflow_hidden_temple, tso_altar,
          serial_bayou_ford_a
D:3:      layout_loops_ring, gammafunk_temple_overflow_elements,
          chequers_ecumenical_altar_simple, uniq_grinder

Skill      XL: |  1  2  3 |
---------------+----------+-----
Spellcasting   | 5 |  5.0
Invocations    | 1 |  1.2
Short Blades   | 1 |  1.1
Long Blades    | 1 |  1.1
Axes           | 1 |  1.1
Maces & Flails | 1 |  1.1
Staves         | 1 |  1.1
Slings         | 1 |  1.1
Bows           | 1 |  1.1
Crossbows      | 1 |  1.1
Throwing       | 1 |  1.1
Stealth        | 1 |  1.1
Shields        | 1 |  1.1
Unarmed Combat | 1 |  1.1
Evocations     | 1 |  1.1
Fighting       | |  4.6
Polearms       | |  4.6
Armour         | |  2.7
Dodging        | |  4.6
Conjurations   | |  0.8
Hexes          | |  0.8
Charms         | |  5.4
Summonings     | |  0.8
Necromancy     | |  0.8
Translocations | |  0.8
Transmutations | |  0.8
Fire Magic     | |  0.8
Ice Magic      | |  0.8
Air Magic      | |  0.8
Earth Magic    | |  0.8
Poison Magic   | |  0.8

Action                   |  1- 3 |  4- 6 || total
-------------------------+-------+-------++-------
Melee: Spear             |    90 |     8 ||    98
       Bite              |     7 |       ||     7
 Cast: Infusion          |    10 |       ||    10
       Spectral Weapon   |     4 |       ||     4
       Ozocubu's Armour  |     3 |     1 ||     4
       Shroud of Golubri |     2 |       ||     2
  Use: Potion            |       |     2 ||     2
  Eat: Chunk             |     1 |     1 ||     2
Armor: Leather armour    |    28 |     3 ||    31
Dodge: Dodged            |    73 |     1 ||    74

Table legend:
 A = Non-vault XP
 B = Vault XP
 C = Vault XP percentage of total XP
 D = Non-vault monster count
 E = Vault monster count
 F = Vault count percentage of total count
                 A         B        C        D         E       F
            +---------+---------+-------+---------+---------+-------
      Total |     119 |       0 |   0.0 |      34 |       0 |   0.0
            +---------+---------+-------+---------+---------+-------
        D:1 |      14 |       0 |   0.0 |       8 |       0 |   0.0
        D:2 |     105 |       0 |   0.0 |      26 |       0 |   0.0
            +---------+---------+-------+---------+---------+-------
